 Dungeon Crawl Stone Soup version 0.16.1-12-gf5c4a84 (webtiles) character file.

139029 Zell789 the Fencer (level 17, -36/138 HPs)
             Began as a Formicid Fighter on Apr 10, 2015.
             Was the Champion of Jiyva.
             Killed from afar by a thorn hunter (45 damage)
             ... with a volley of thorns
             ... on level 5 of the Swamp on Apr 11, 2015.
             The game lasted 02:33:35 (32577 turns).

Zell789 the Fencer (Formicid Fighter)              Turns: 32577, Time: 02:33:37

Health: -36/138    AC: 35    Str: 26    XL:     17   Next: 87%
Magic:  22/22      EV:  6    Int:  9    God:    Jiyva [******]
Gold:   3041       SH: 14    Dex: 10    Spells: 0 memorised, 16 levels left

rFire  + . .     SeeInvis +     D - +0 scimitar (flame)
rCold  + + .     Clarity  .     n - +2 plate armour {rF+}
rNeg   . . .     SustAb   .     c - +0 shield
rPois  +         Gourm    .     (helmet unavailable)
rElec  .         Spirit   .     P - +2 cloak of Negation {+Fly rC+ Str-3 Dex+3 Slay+2}
rCorr  +         Warding  .     B - +2 pair of gloves
rMut   .         Stasis   +     u - +2 pair of boots {Stlth+}
MR     +....                    H - amulet of faith
Stlth  ..........               A - ring of poison resistance
                                N - ring of Ypiolob {-Tele rC+ Str+3 Int-3 SInv}

@: grasped by roots, very slow, somewhat resistant to hostile enchantments,
extremely unstealthy
A: permanent stasis, dig shafts and tunnels, four strong arms, antennae 3,
iridescent scales 1, rough black scales 1, translucent skin 2, tendrils
a: Dig, Shaft Self, Request Jelly, Jelly Paralyse, Slimify, Cure Bad Mutation,
Renounce Religion, Evoke Flight


You were on level 5 of the Swamp.
You worshipped Jiyva.
Jiyva was exalted by your worship.
You were very full.

You visited 5 branches of the dungeon, and saw 32 of its levels.
You also visited: Ice Cave and Volcano.

You collected 3363 gold pieces.
You spent 322 gold pieces at shops.

Inventory:

Hand weapons
 l - the +5 great sword of the Ten Demons {slice, rF+}
   (You found it on level 3 of the Swamp)

   It inflicts extra damage upon your enemies.
   It protects you from fire.
 m - the +9 great sword of the Crawling Thing {slice, rC+ Str+5 Int-2}
   (You bought it in a shop on level 11 of the Dungeon)

   It inflicts extra damage upon your enemies.
   It affects your strength (+5).
   It affects your intelligence (-2).
   It protects you from cold.
 D - a +0 scimitar of flaming (weapon)
Armour
 c - a +0 shield (worn)
 n - a +2 plate armour of fire resistance (worn)
 u - a +2 pair of boots of stealth (worn)
 B - a +2 pair of gloves (worn)
 M - a +0 cloak of cold resistance
 P - the +2 cloak of Negation (worn) {+Fly rC+ Str-3 Dex+3 Slay+2}
   (You acquired it on level 5 of the Swamp)

   It affects your strength (-3).
   It affects your dexterity (+3).
   It affects your accuracy and damage with ranged weapons and melee attacks
   (+2).
   It protects you from cold.
   It lets you fly.
Jewellery
 h - an uncursed ring of flight
 k - a +2 ring of dexterity
 q - an uncursed ring of protection from cold
 A - a ring of poison resistance (right hand)
 C - an uncursed ring of protection from magic
 H - an amulet of faith (around neck)
 I - an uncursed ring of protection from cold
 N - the ring of Ypiolob (left hand) {-Tele rC+ Str+3 Int-3 SInv}
   (You found it in an ice cave)

   [ring of intelligence]

   It affects your strength (+3).
   It affects your intelligence (-3).
   It protects you from cold.
   It enhances your eyesight.
   It prevents most forms of teleportation.
Magical devices
 a - a wand of fire (2)
 z - a wand of random effects (25)
 F - a wand of random effects (15)
 L - a wand of disintegration (10)
 T - a wand of cold (3)
Scrolls
 b - 12 scrolls of remove curse
 f - 7 scrolls of identify
 g - 3 scrolls of fog
 i - 8 scrolls of enchant weapon
 t - 10 scrolls of recharging
 v - 2 scrolls of enchant armour
 x - a scroll of magic mapping
 y - 4 scrolls of fear
 K - a scroll of silence
Potions
 e - 2 potions of might
 j - 3 potions of agility
 s - 3 potions of curing
 G - a potion of resistance
 J - a potion of brilliance
 O - a potion of flight
 Q - 5 potions of restore abilities
 R - a potion of magic
Comestibles
 d - 25 bread rations
 o - 4 slices of pizza
 p - 49 fruits
 r - 3 royal jellies
 w - 8 meat rations
 E - 9 beef jerkies


   Skills:
 + Level 13.8 Fighting
 * Level 20.8 Long Blades
 + Level 11.7 Armour
 + Level 3.3 Dodging
 + Level 15.0 Shields
 + Level 0.2 Invocations
 + Level 1.0 Evocations


You had 16 spell levels left.
You didn't know any spells.

Dungeon Overview and Level Annotations

Branches:
Dungeon (15/15)            Temple (1/1) D:6            Lair (8/8) D:11
  Swamp (5/5) Lair:6        Snake (0/5) Lair:4        Slime (0/6) Lair:6
    Orc (3/4) D:11            Elf (0/3) Orc:3        Vaults (0/5) D:14
 Depths (0/5) D:15

Altars:
Ashenzari
Cheibriados
Dithmenos
Elyvilon
Fedhas
Gozag
Kikubaaqudgha
Makhleb
Nemelex Xobeh
Okawaru
Qazlal
Ru
Sif Muna
Trog
Vehumet
Xom
Yredelemnul
Zin
The Shining One
Beogh
Jiyva

Shops:
D:11 (   Orc:2 (

Portals:
Trove: D:13 (give +4 demon blade)


Innate Abilities, Weirdness & Mutations

You are under a permanent stasis effect.
You can dig through walls and to a lower floor.
Your four strong arms can wield two-handed weapons with a shield.
You have a pair of large antennae on your head (SInv).
You are partially covered in iridescent scales (AC +4).
You are partially covered in rough black scales (AC +4, Dex -1).
Your skin is mostly translucent (Stealth, -foe acc).
Thin tendrils of slime have grown from your body.


Message History

The shambling mangrove reaches out with a gnarled limb.
Grasping roots rise from the ground around the shambling mangrove!
The swamp drake bites you but does no damage.
The swamp drake bites the jelly!
The swamp drake is burned by acid!
An eight-headed hydra comes into view.
Your plate armour prevents you from hitting the thorn hunter.
The thorn hunter is almost destroyed.
Roots grasp at your feet, making movement difficult.
The thorn hunter fires a volley of thorns at you.
The volley of thorns hits you!
The swamp drake breathes noxious fumes at you.
The noxious blast engulfs the swamp drake.
A four-headed hydra comes into view.
You barely miss the thorn hunter.
The thorn hunter is almost destroyed.
The swamp drake bites the jelly!
The jelly dies!
The thorn hunter fires a volley of thorns at you.
The volley of thorns hits you!
You die...

≈≈≈≈≈≈.♣≈≈≈≈....≈≈≈♣♣♣♣♣♣
≈.≈≈≈≈≈..≈≈≈≈♣...≈≈≈.♣♣
≈≈D≈≈≈.≈..§≈...≈≈≈≈≈≈§♣
≈≈≈≈f≈≈≈..≈≈≈§≈≈≈≈≈≈≈.♣
≈≈.≈≈≈≈≈{k.§.≈≈≈≈≈≈≈≈≈.♣≈
≈≈♣♣♣DDD{§{♣.§≈^≈.≈≈≈.♣≈≈
.§≈....yD{{♣♣.≈≈...≈≈≈≈≈♣
.≈≈≈§{♣kk♣♣≈.≈≈...♣...♣♣
.≈≈§{{♣♣kf@≈≈≈≈....≈≈.≈♣
♣D♣≈≈
♣§.≈≈≈≈≈≈..≈≈≈≈♣♣♣♣♣ ≈.≈{
♣..≈≈≈≈≈...≈≈≈....≈♣ ##
♣♣♣.≈≈.§♣.§≈≈..≈≈≈♣♣
♣♣....≈≈.≈≈.≈...♣♣
♣♣♣..≈.♣≈≈≈≈≈..♣♣
♣♣.≈≈≈.≈≈≈.♣♣.≈
♣♣≈≈≈≈≈≈≈≈♣♣≈≈
♣.≈≈≈≈≈§.≈♣..


You could see a thorn hunter, a shambling mangrove, an eight-headed hydra, a
four-headed hydra, a swamp dragon, 3 swamp drakes and a vampire mosquito.

Vanquished Creatures
  Nikola (Swamp:2)
  An Ice Fiend (IceCv)
  2 acid blobs (Lair:6)
  A thorn hunter (Swamp:4)
  Kirke (D:15)
  An orc warlord (Orc:3)
  A dire elephant (D:15)
  The ghost of Zell789 the Carver, a powerful FoFi of the Shining One (D:11)
  Harold (D:13)
  7 centaur warriors
  3 catoblepae
  3 merfolk avatars (Swamp:3)
  Erica (Lair:5)
  13 hydras
  3 alligators
  7 death yaks
  An orc high priest (Orc:3)
  Urug (D:14)
  3 skeletal warriors (D:15)
  4 ice devils (IceCv)
  An unseen horror (D:15)
  2 swamp dragons
  A harpy (D:15)
  An ice statue (IceCv)
  2 spriggan druids (Swamp:4)
  2 lindwurms
  7 hill giants
  Erolcha (D:10)
  2 shambling mangroves (Swamp:4)
  4 orc knights
  A wolf spider zombie (D:15)
  16 ugly things
  An orc sorcerer (Orc:3)
  3 cyclopes
  3 griffons
  A manticore (D:15)
  A salamander (shapeshifter) (D:15)
  2 hornets
  A salamander (D:15)
  9 black mambas
  An octopode (shapeshifter) (D:14)
  12 elephants
  A queen ant (Lair:6)
  2 molten gargoyles (Volcano)
  2 torpor snails (Lair:8)
  4 gargoyles
  An efreet (D:14)
  28 spiny frogs
  2 kobold demonologists (D:15)
  4 trolls
  4 centaur skeletons
  3 anaconda simulacra (IceCv)
  A spiny frog (shapeshifter) (D:14)
  5 fire drakes
  2 wolf spider simulacra
  4 komodo dragons
  6 giant leeches
  2 freezing wraiths (IceCv)
  2 polar bears
  Grinder (D:5)
  Prince Ribbit (Lair:1)
  8 ravens
  10 slime creatures
  13 blink frogs
  2 boulder beetles (Lair:8)
  2 fire vortices (Volcano)
  2 bog bodies
  A two-headed ogre (D:14)
  2 baby alligators (Swamp:3)
  5 dire elephant simulacra (IceCv)
  2 spriggans
  A basilisk (Lair:3)
  28 yaks
  4 hogs (D:15)
  4 wyverns
  2 shadows
  An iron troll simulacrum (IceCv)
  Grum (D:13)
  6 fire elementals (Volcano)
  3 hungry ghosts
  10 soldier ants (Lair:6)
  5 deep elf magi
  4 wraiths
  8 insubstantial wisps (Swamp:1)
  2 harpy simulacra (IceCv)
  32 wolves
  13 vampire mosquitoes
  10 hippogriffs
  24 swamp worms
  2 mottled dragons (D:14)
  A hydra simulacrum (IceCv)
  24 water moccasins
  10 porcupines
  22 orc warriors
  An ice beast (D:5)
  An ettin simulacrum (IceCv)
  4 sky beasts
  A wasp (Swamp:3)
  5 swamp drakes
  4 black bears
  14 centaurs
  2 phantoms
  An eye of draining (D:5)
  9 ogres
  Duvessa (D:8)
  4 boring beetles
  6 big kobolds
  14 crocodiles
  15 giant frogs
  5 scorpions
  13 wights
  14 killer bees
  4 electric eels
  5 jellies
  A wasp zombie (D:9)
  A goliath beetle (D:6)
  Dowan (D:8)
  4 crimson imps
  A draconian simulacrum (IceCv)
  10 hounds
  4 centaur zombies
  21 worker ants
  Crazy Yiuf (D:2)
  8 iguanas
  13 orc priests
  29 orc wizards
  4 wolf simulacra (IceCv)
  2 troll simulacra (IceCv)
  13 sheep
  3 centaur simulacra (IceCv)
  A spriggan simulacrum (IceCv)
  2 killer bee zombies
  A mummy (Lair:1)
  4 naga simulacra (IceCv)
  2 worker ant zombies (D:9)
  7 gnolls
  22 adders
  5 ogre simulacra (IceCv)
  11 white imps
  54 river rats
  4 shadow imps
  A giant mite (D:6)
  3 worms
  7 ufetubi (IceCv)
  An adder zombie (D:8)
  2 adder skeletons (D:4)
  4 giant geckos
  88 orcs
  3 giant cockroaches
  11 hobgoblins
  16 jackals
  12 quokkas
  5 ball pythons
  14 bats
  A giant gecko skeleton (D:5)
  3 giant newts
  17 goblins
  A jackal skeleton (D:4)
  45 kobolds
  4 kobold zombies (D:6)
  13 rats
  20 ballistomycetes
  2 butterflies
  2 fungi
  2 plants
1098 creatures vanquished.

Vanquished Creatures (collateral kills)
  Aizul (Swamp:3)
1 creature vanquished.

Vanquished Creatures (others)
  An acid blob (Swamp:5)
  A hydra (Swamp:5)
  A hill giant (D:14)
  6 drowned souls (Swamp:3)
  3 slime creatures
  A death yak simulacrum (IceCv)
  A vampire mosquito (Swamp:3)
  2 swamp worms
  2 porcupines (Lair:7)
  2 swamp drakes
  A water moccasin (Swamp:1)
  2 giant frogs
  60 jellies
  2 orc priests (D:6)
  5 river rats
  2 adders
  5 white imps
  3 ufetubi (IceCv)
  An ooze (D:3)
  An orc (D:6)
  A quokka (D:3)
  3 giant spores
  9 fungi (Lair:8)
115 creatures vanquished.

Grand Total: 1214 creatures vanquished

Notes
Turn   | Place    | Note
--------------------------------------------------------------
     0 | D:1      | Zell789, the Formicid Fighter, began the quest for the Orb.
     0 | D:1      | Reached XP level 1. HP: 18/18 MP: 1/1
   162 | D:1      | Reached XP level 2. HP: 24/24 MP: 3/3
   658 | D:2      | Noticed Crazy Yiuf
   668 | D:2      | Killed Crazy Yiuf
   668 | D:2      | Reached skill level 4 in Shields
   668 | D:2      | Reached XP level 3. HP: 16/30 MP: 4/4
   919 | D:2      | Reached skill level 1 in Dodging
   919 | D:2      | Reached XP level 4. HP: 37/37 MP: 5/5
  1147 | D:2      | Found a basalt altar of Yredelemnul.
  1206 | D:2      | Found a shattered altar of Ashenzari.
  1694 | D:3      | Found a shadowy altar of Dithmenos.
  1700 | D:3      | Found an ancient bone altar of Kikubaaqudgha.
  1724 | D:3      | Reached XP level 5. HP: 28/42 MP: 7/7
  1878 | D:3      | Found a radiant altar of Vehumet.
  2064 | D:3      | Found a white marble altar of Elyvilon.
  2071 | D:3      | Reached skill level 5 in Shields
  2421 | D:4      | Reached XP level 6. HP: 46/48 MP: 8/8
  2918 | D:4      | Reached XP level 7. HP: 44/55 MP: 9/9
  3067 | D:4      | Found a blossoming altar of Fedhas.
  3093 | D:5      | Entered Level 5 of the Dungeon
  3116 | D:5      | Reached skill level 5 in Armour
  3293 | D:5      | Reached skill level 6 in Shields
  3498 | D:5      | Found a sparkling altar of Nemelex Xobeh.
  3747 | D:5      | Noticed Grinder
  3747 | D:5      | Reached XP level 8. HP: 61/61 MP: 11/11
  3794 | D:5      | Killed Grinder
  3794 | D:5      | Reached skill level 5 in Fighting
  3794 | D:5      | Reached skill level 5 in Long Blades
  3955 | D:5      | Found an iron altar of Okawaru.
  3974 | D:5      | Got a crude falchion
  3976 | D:5      | Identified the +3 falchion "Suatot" {distort, +Fly rElec Dex-5} (You found it on level 5 of the Dungeon)
  4266 | D:5      | Reached skill level 7 in Shields
  4477 | D:6      | Found a burning altar of Makhleb.
  4537 | D:6      | Found a staircase to the Ecumenical Temple.
  4546 | Temple   | Entered the Ecumenical Temple
  4592 | Temple   | Became a worshipper of the Shining One
  4778 | D:6      | Reached XP level 9. HP: 46/68 MP: 12/12
  5373 | D:6      | Found a stormy altar of Qazlal.
  5695 | D:6      | Found a sacrificial altar of Ru.
  5696 | D:6      | Acquired the Shining One's first power
  5826 | D:7      | Reached skill level 8 in Shields
  7078 | D:8      | Reached skill level 9 in Shields
  7078 | D:8      | Reached XP level 10. HP: 66/76 MP: 13/13
  7432 | D:8      | Noticed Dowan
  7433 | D:8      | Noticed Duvessa
  7441 | D:8      | Killed Duvessa
  7445 | D:8      | Killed Dowan
  7788 | D:9      | Acquired the Shining One's second power
  8101 | D:9      | Found a bloodstained altar of Trog.
  8347 | D:10     | Entered Level 10 of the Dungeon
  8393 | D:10     | Reached skill level 10 in Long Blades
  8836 | D:10     | Reached skill level 10 in Shields
  8900 | D:10     | Got a steaming leather armour
  8901 | D:10     | Identified the cursed -4 leather armour of Quantum Leap {Dex+6 Slay+3} (You found it on level 10 of the Dungeon)
  8924 | D:10     | Reached XP level 11. HP: 77/84 MP: 15/15
  8968 | D:10     | Noticed Erolcha
  8976 | D:10     | Killed Erolcha
  9081 | D:10     | Noticed a hill giant
  9090 | D:10     | Killed a hill giant
  9090 | D:10     | Reached skill level 11 in Long Blades
  9205 | D:10     | Found a white marble altar of Elyvilon.
  9350 | D:10     | Gained mutation: Your magical capacity is low (-10% MP). [mutagenic meat]
  9351 | D:10     | Gained mutation: Your muscles are strong. (Str +2) [mutagenic meat]
  9609 | D:10     | Lost mutation: Your magical capacity is low (-10% MP). [potion of cure mutation]
  9609 | D:10     | Lost mutation: Your muscles are strong. (Str +2) [potion of cure mutation]
  9652 | D:11     | Found a staircase to the Orcish Mines.
  9937 | D:11     | Found Ciawat's Antique Weapon Shop.
  9945 | D:11     | Bought a jewelled great sword for 322 gold pieces
  9945 | D:11     | Identified the +9 great sword of the Crawling Thing {slice, rC+ Str+5 Int-2} (You bought it in a shop on level 11 of the Dungeon)
  9972 | D:11     | Noticed a hill giant
  9980 | D:11     | Killed a hill giant
 10122 | D:11     | Noticed a cyclops
 10132 | D:11     | Killed a cyclops
 10321 | D:11     | Noticed a green ugly thing
 10333 | D:11     | Noticed Zell789's ghost (powerful FoFi)
 10345 | D:11     | Killed a green ugly thing
 10367 | D:11     | Killed Zell789's ghost
 10513 | D:11     | Reached skill level 12 in Long Blades
 10536 | D:11     | Found a staircase to the Lair.
 10719 | D:11     | Noticed a cyclops
 10726 | D:11     | Reached XP level 12. HP: 75/94 MP: 16/16
 10731 | D:11     | Killed a cyclops
 11337 | D:12     | Reached skill level 13 in Long Blades
 11785 | D:13     | Noticed Harold
 11790 | D:13     | Killed Harold
 11886 | D:13     | Noticed an eight-headed hydra
 11986 | D:13     | Noticed a centaur warrior
 12390 | D:13     | Killed a centaur warrior
 12562 | D:13     | Noticed Grum
 12579 | D:13     | Killed Grum
 12595 | D:13     | Acquired the Shining One's third power
 12630 | D:13     | Found a portal to a secret trove of treasure.
 12919 | D:13     | Noticed a centaur warrior
 12922 | D:13     | Killed a centaur warrior
 12967 | D:13     | Reached skill level 14 in Long Blades
 12967 | D:13     | Reached XP level 13. HP: 74/103 MP: 17/17
 13339 | D:14     | Gained mutation: Scrolls take you a little longer to read. [mutagenic meat]
 13340 | D:14     | Lost mutation: Scrolls take you a little longer to read. [potion of cure mutation]
 13578 | D:14     | Reached skill level 10 in Fighting
 13838 | D:14     | Reached skill level 15 in Long Blades
 14008 | D:14     | Noticed Urug
 14021 | D:14     | Killed Urug
 14625 | D:14     | Found a gate to the Vaults.
 14854 | D:15     | Entered Level 15 of the Dungeon
 14923 | D:15     | Acquired the Shining One's fourth power
 14937 | D:15     | Reached XP level 14. HP: 111/111 MP: 18/18
 15324 | D:15     | Reached skill level 16 in Long Blades
 15599 | D:15     | Gained mutation: You can spit poison. [potion of mutation]
 15599 | D:15     | Gained mutation: You are frail (-10% HP). [potion of mutation]
 15599 | D:15     | Gained mutation: Armour fits poorly on your strangely shaped body. [potion of mutation]
 15620 | D:15     | Noticed a dire elephant
 15630 | D:15     | Found a staircase to the Depths.
 15644 | D:15     | Killed a dire elephant
 16169 | D:15     | Noticed Kirke
 16223 | D:15     | Killed Kirke
 16456 | D:15     | Reached skill level 10 in Armour
 16689 | Orc:1    | Entered Level 1 of the Orcish Mines
 17074 | Orc:2    | Found Othrew's Weapon Emporium.
 17607 | Orc:3    | Noticed an orc warlord
 17672 | Orc:3    | Killed an orc warlord
 17672 | Orc:3    | Reached skill level 17 in Long Blades
 18133 | Orc:3    | Found a staircase to the Elven Halls.
 18239 | Orc:3    | Found a roughly hewn altar of Beogh.
 18423 | Orc:3    | Reached XP level 15. HP: 76/107 MP: 19/19
 18880 | Lair:1   | Entered Level 1 of the Lair of Beasts
 18880 | Lair:1   | Noticed Prince Ribbit
 18887 | Lair:1   | Killed Prince Ribbit
 20166 | Lair:2   | Found a dark tunnel.
 20170 | Volcano  | Entered a volcano
 21509 | Lair:3   | Reached skill level 18 in Long Blades
 21987 | Lair:4   | Found a staircase to the Snake Pit.
 22570 | Lair:5   | Noticed Erica
 22578 | Lair:5   | Killed Erica
 23638 | Lair:6   | Reached XP level 16. HP: 108/115 MP: 20/20
 24068 | Lair:6   | Found a runed door.
 24074 | Lair:6   | Found a viscous altar of Jiyva.
 24075 | Lair:6   | Noticed an acid blob
 24075 | Lair:6   | Noticed an acid blob
 24075 | Lair:6   | Noticed an acid blob
 24076 | Lair:6   | Found a staircase to the Slime Pits.
 24098 | Lair:6   | Killed an acid blob
 24102 | Lair:6   | Killed an acid blob
 24105 | Lair:6   | Fell from the grace of the Shining One
 24105 | Lair:6   | Became a worshipper of Jiyva Jioploes the Shapeless
 24184 | Lair:6   | Acquired Jiyva's first power
 24205 | Lair:6   | Acquired Jiyva's second power
 24307 | Lair:6   | Reached skill level 19 in Long Blades
 24376 | Lair:6   | Found a staircase to the Swamp.
 24981 | Lair:7   | Gained mutation: Your mind is acute. (Int +2) [Jiyva's grace]
 25317 | Lair:7   | Got a faintly humming scale mail
 25318 | Lair:7   | Identified the +2 scale mail "Mniuv" {rN+ MP+9 Int-4} (You found it on level 7 of the Lair of Beasts)
 25464 | Lair:7   | Acquired Jiyva's third power
 25464 | Lair:7   | Lost mutation: Armour fits poorly on your strangely shaped body. [Jiyva's grace]
 25801 | Lair:8   | Entered Level 8 of the Lair of Beasts
 26710 | Lair:8   | Gained mutation: You have large cloven feet. [Jiyva's grace]
 26717 | Lair:8   | Acquired Jiyva's fourth power
 26722 | Lair:8   | Lost mutation: You are frail (-10% HP). [Jiyva's power]
 26989 | Lair:8   | Lost mutation: You can spit poison. [Jiyva's grace]
 27340 | Lair:8   | Gained mutation: You have a small jelly attached to you that may absorb incoming projectiles. [Jiyva's grace]
 27777 | Swamp:1  | Entered Level 1 of the Swamp
 27904 | Swamp:1  | Lost mutation: You have large cloven feet. [Jiyva's grace]
 28304 | Swamp:1  | Gained mutation: You are partially covered in iridescent scales (AC +4). [Jiyva's grace]
 28587 | Swamp:2  | Reached XP level 17. HP: 136/136 MP: 21/21
 28656 | Swamp:2  | Gained mutation: Your skin is partially translucent (Stealth, -foe acc). [Jiyva's grace]
 28849 | Swamp:2  | Noticed Nikola
 28863 | Swamp:2  | Killed Nikola
 28863 | Swamp:2  | Reached skill level 20 in Long Blades
 29180 | Swamp:2  | Gained mutation: You are clumsy. (Dex -2) [Jiyva's grace]
 29253 | Swamp:2  | Lost mutation: You are clumsy. (Dex -2) [Jiyva's power]
 29510 | Swamp:3  | Gained mutation: Your flesh is heat resistant. [Jiyva's grace]
 29656 | Swamp:3  | Noticed Aizul
 29671 | Swamp:3  | Killed Aizul
 29677 | Swamp:3  | Gained mutation: You are resistant to hostile enchantments. [mutagenic meat]
 29678 | Swamp:3  | Gained mutation: You are weak. (Str -2) [mutagenic meat]
 29680 | Swamp:3  | Lost mutation: You are weak. (Str -2) [Jiyva's power]
 30171 | Swamp:3  | Gained mutation: You are partially covered in rough black scales (AC +4, Dex -1). [mutagenic meat]
 30204 | Swamp:3  | Lost mutation: Your mind is acute. (Int +2) [mutagenic meat]
 30206 | Swamp:3  | Lost mutation: You have a small jelly attached to you that may absorb incoming projectiles. [mutagenic meat]
 30217 | Swamp:3  | Got an iridescent great sword
 30661 | Swamp:4  | Lost mutation: You are resistant to hostile enchantments. [Jiyva's grace]
 30697 | Swamp:4  | Found a frozen archway.
 30704 | IceCv    | Entered an ice cave
 30721 | IceCv    | Identified the +5 great sword of the Ten Demons {slice, rF+} (You found it on level 3 of the Swamp)
 31156 | IceCv    | Reached skill level 1 in Evocations
 31188 | D:15     | Gained mutation: Your skin is mostly translucent (Stealth, -foe acc). [Jiyva's grace]
 31261 | IceCv    | Noticed an Ice Fiend
 31282 | IceCv    | Killed an Ice Fiend
 31468 | IceCv    | Got a clouded silver ring
 31470 | IceCv    | Identified the cursed ring of Ypiolob {-Tele rC+ Str+3 Int-3 SInv} (You found it in an ice cave)
 31544 | Swamp:4  | Gained mutation: Thin tendrils of slime have grown from your body. [Jiyva's grace]
 31823 | Swamp:4  | Lost mutation: Your flesh is heat resistant. [Jiyva's grace]
 32280 | Swamp:5  | Entered Level 5 of the Swamp
 32467 | Swamp:5  | Identified a scroll of acquirement
 32468 | Swamp:5  | Got a spiked cloak
 32479 | Swamp:5  | Identified the +2 cloak of Negation {+Fly rC+ Str-3 Dex+3 Slay+2} (You acquired it on level 5 of the Swamp)
 32554 | Swamp:5  | Reached skill level 15 in Shields
 32564 | Swamp:5  | Noticed an acid blob
 32564 | Swamp:5  | a seven-headed hydra changed into an acid blob
 32566 | Swamp:5  | Killed an acid blob
 32577 | Swamp:5  | Killed from afar by a thorn hunter

Action                   |  1- 3 |  4- 6 |  7- 9 | 10-12 | 13-15 | 16-18 || total
-------------------------+-------+-------+-------+-------+-------+-------++-------
Melee: Long sword        |    76 |   246 |   525 |   395 |       |       ||  1242
       Great sword       |       |       |       |   195 |   927 |   960 ||  2082
       Scimitar          |       |       |       |       |    27 |    97 ||   124
Invok: Divine Shield     |       |       |       |       |     1 |       ||     1
       Slimify           |       |       |       |       |       |     3 ||     3
       Cure Bad Mutation |       |       |       |       |       |     3 ||     3
       Jelly Paralyse    |       |       |       |       |       |     3 ||     3
       Request Jelly     |       |       |       |       |       |     1 ||     1
 Abil: Dig               |       |     3 |     6 |     2 |     6 |     7 ||    24
       Evoke Flight      |       |       |       |       |     1 |       ||     1
Evoke: Wand              |       |       |       |       |       |     9 ||     9
  Use: Scroll            |     5 |     3 |     2 |     7 |     8 |    10 ||    35
       Potion            |     2 |     3 |       |     6 |     6 |     9 ||    26
  Eat: Chunk             |       |     8 |    11 |    21 |    35 |    21 ||    96
       Fruit             |       |       |     1 |       |       |       ||     1
       Pizza             |       |       |     2 |       |       |       ||     2
       Beef jerky        |       |       |       |     1 |       |       ||     1
